 Dungeon Crawl Stone Soup version 0.28-a0-915-gcd63401287 (webtiles) character file.

Game seed: 8267020778249976309

5 mcbry74 the Firebug (level 1, 14/14 HPs)
             Began as a Hill Orc Fire Elementalist on Nov 25, 2021.
             Quit the game on level 1 of the Dungeon.
             The game lasted 00:02:37 (240 turns).

mcbry74 the Firebug (Hill Orc Fire Elementalist)     Turns: 240, Time: 00:02:37

Health: 14/14      AC:  2    Str: 10    XL:     1   Next: 80%
Magic:  3/3        EV: 12    Int: 15    God:
Gold:   5          SH:  0    Dex: 11    Spells: 2/3 levels left

rFire   . . .      SeeInvis .   (no weapon)
rCold   . . .      Faith    .   (no shield)
rNeg    . . .      Spirit   .   a - +0 robe
rPois   .          Reflect  .   (no helmet)
rElec   .          Harm     .   (no cloak)
rCorr   .          Rampage  .   (no gloves)
Will    .....                   (no boots)
Stlth   ++........              (no amulet)
HPRegen 0.04/turn               (no ring)
MPRegen 0.08/turn               (no ring)

@: no status effects
A: no striking features
a: no special abilities


You were on level 1 of the Dungeon.
You visited 1 branch of the dungeon, and saw 1 of its levels.

You collected 5 gold pieces.

Inventory:

Missiles
 b - 19 stones
Armour
 a - a +0 robe (worn)


   Skills:
 - Level 1.5 Dodging
 - Level 1.5 Stealth
 - Level 1.5 Spellcasting
 + Level 1.4 Conjurations
 + Level 3.5 Fire Magic


You had 2 spell levels left.
You knew the following spells:

 Your Spells              Type           Power      Damage    Failure   Level
a - Foxfire               Conj/Fire      32%        2x1d5     9%          1

Your spell library contained the following spells:

 Spells                   Type           Power      Damage    Failure   Level
 Scorch                   Fire           22%        2d6       9%          2
 Conjure Flame            Conj/Fire      8%         6-21      26%         3
 Inner Flame              Hex/Fire       6%         N/A       34%         3
 Flame Wave               Conj/Fire      8%         3d4       63%         4


Dungeon Overview and Level Annotations

Branches:
Dungeon (1/15)

Altars:


Message History

The foxfire hits the kobold but does no damage.
The ball python hisses angrily.
The foxfire hits the kobold.
The kobold is severely wounded.
Casting: Foxfire (safe; 9% risk of failure)
Confirm with . or Enter, or press ? or * to list all spells.
You don't have enough magic to cast this spell.
The ball python completely misses you. The ball python grabs you.
The ball python constricts you.
You escape the ball python's grasp.
The kobold throws a stone.
The stone closely misses you.
Casting: Foxfire (safe; 9% risk of failure)
Confirm with . or Enter, or press ? or * to list all spells.
You conjure some foxfire!
The foxfire hits the ball python.
The ball python is severely wounded.
The foxfire hits the kobold but does no damage.
The kobold is severely wounded.
The kobold throws a stone.
The stone closely misses you. The ball python misses you.
The ball python barely misses you.
There is a staircase leading out of the dungeon here.
The ball python bites you. The ball python closely misses you.
The ball python bites you but does no damage.
The ball python misses you. The kobold barely misses you.
The ball python bites you but does no damage.
The ball python closely misses you.
There is a dry fountain here.
Casting: Foxfire (safe; 9% risk of failure)
Confirm with . or Enter, or press ? or * to list all spells.
You conjure some foxfire!
The ball python bites you. The ball python barely misses you.
The kobold hits you but does no damage.
The foxfire hits the kobold.
You kill the kobold!
The foxfire hits the ball python.
You kill the ball python!
You start resting.
Magic restored.
You start resting.
HP restored.
Are you sure you want to abandon this character and quit the game? (Confirm with "yes".)

#...................
#######....<....###
####...#### ##...##
##..⌠..##
##.......##
####..⌠...⌠..##.#
#....÷..⌠.......#
##@###.......###...
#..# ####.#### ##
##########.## #..#
#..........# #.##
#.......#### #.#
#.......# #.#
#.......# ...
#....)..# ...
#..)....# #...


There were no monsters in sight!

Vanquished Creatures
  A ball python (D:1)
  A kobold (D:1)
  A frilled lizard (D:1)
  2 goblins (D:1)
  A rat (D:1)
6 creatures vanquished.

Vanquished Creatures (others)
  11 foxfires (D:1)
11 creatures vanquished.

Grand Total: 17 creatures vanquished

Notes
Turn   | Place    | Note
-------+----------+-------------------------------------------
     0 | D:1      | mcbry74 the Hill Orc Fire Elementalist began the quest for
                  | the Orb.
     0 | D:1      | Reached XP level 1. HP: 14/14 MP: 3/3
   240 | D:1      | Quit the game

Illustrated notes

Levels and vault maps discovered:
D:1:      dpeg_arrival_leaves_temple_mockup, layout_basic, grunt_decor_cap

Action                   || total
-------------------------++-------
 Cast: Foxfire           ||     8
Armor: Robe              ||     5
Dodge: Dodged            ||    13

Table legend: (Time is in decaauts)
 A = Elapsed time spent in this place.
 B = Non-inter-level travel time spent in this place.
 C = Inter-level travel time spent in this place.
 D = Time resting spent in this place.
 E = Time spent auto-exploring this place.
 F = Levels seen in this place.
 G = Mean time per level.
                   A        B        C        D        E       F      G
               +--------+--------+--------+--------+--------+-----+--------+
         Total |    240 |    240 |      0 |    117 |      0 |   1 |  240.0 |
       Dungeon |    240 |    240 |      0 |    117 |      0 |   1 |  240.0 |
               +--------+--------+--------+--------+--------+-----+--------+

Top non-repeatable levels by time:
     D:1: 240 daAuts
